 Dungeon Crawl Stone Soup version 0.25-a0-41-g6cf4ce5 (webtiles) character file.

Game seed: 12970010292107600391, levelgen mode: deterministic

58010 BoppinsLewinski the Fighter (level 14, -3/116 HPs)
             Began as a Red Draconian Gladiator on Oct 21, 2019.
             Was the Champion of Hepliaklqana.
             Slain by an orc warrior
             ... wielding a +0 halberd
             ... led by an orc warlord
              (10 damage)
             ... while paralysed
             ... on level 2 of the Orcish Mines.
             The game lasted 01:20:15 (24770 turns).

BoppinsLewinski the Fighter (DrGl)                 Turns: 24770, Time: 01:20:16

Health: -3/116     AC: 14    Str: 24    XL:     14   Next: 47%
Magic:  22/22      EV:  2    Int: 10    God:    Hepliaklqana [******]
Gold:   1928       SH:  0    Dex: 14    Spells: 13/13 levels left

rFire    + . .     SeeInvis .   p - +7 whip "Beast's Peril" {slash, Int+2}
rCold    . . .     Gourm    .   (no shield)
rNeg     . . .     Faith    .   (armour unavailable)
rPois    .         Spirit   .   g - +0 hat {MR+}
rElec    .         Reflect  .   r - +2 cloak
rCorr    +         Harm     .   f - +2 pair of gloves {Str+3}
MR       +++..                  (no boots)
Stlth    +.........             B - amulet of rage
HPRegen  0.29/turn              n - ring of resist corrosion
MPRegen  0.18/turn              s - ring of protection from magic

@: paralysed, berserk cooldown, slowed
A: breathe fire, unfitting armour, reduced essence, fire resistance 1,
cold-blooded, AC +8
a: Breathe Fire, Recall Ancestor, Ancestor Identity, Transference, Idealise,
Renounce Religion, Evoke Berserk Rage


You were on level 2 of the Orcish Mines.
You worshipped Hepliaklqana.
Hepliaklqana was exalted by your worship.
You were hungry.

You visited 4 branches of the dungeon, and saw 20 of its levels.
You also visited: Bailey.

You collected 1928 gold pieces.

Inventory:

Hand Weapons
 p - the +7 whip "Beast's Peril" (weapon) {slash, Int+2}
   (You found it on level 4 of the Dungeon)

   It inflicts extra damage upon your enemies.
   It affects your intelligence (+2).
 M - a +0 great mace
Armour
 b - a +1 hat
 f - a +2 pair of gloves of strength (worn)
 g - a +0 hat of magic resistance (worn)
 r - a +2 cloak (worn)
 v - a +0 pair of gloves
Jewellery
 n - a ring of resist corrosion (left hand)
 s - a ring of protection from magic (right hand)
 x - an uncursed ring of ice
 y - an uncursed ring of protection from fire
 z - an uncursed ring of flight
 B - an amulet of rage (around neck)
 E - an uncursed ring of see invisible
 O - an uncursed ring of poison resistance
Wands
 A - a wand of flame (22)
 H - a wand of random effects (29)
 J - a wand of polymorph (9)
 T - a wand of paralysis (3)
Scrolls
 a - 2 scrolls of enchant armour
 c - a scroll of torment
 e - 2 scrolls of enchant weapon
 j - 9 scrolls of teleportation
 m - a scroll of fear
 t - 13 scrolls of remove curse
 u - 5 scrolls of blinking
 w - a scroll of fog
 I - 4 scrolls of identify
 K - a scroll of holy word
 L - 3 scrolls of immolation
 R - a scroll of amnesia
 S - a scroll of silence
Potions
 h - 4 potions of curing
 l - 2 potions of haste
 o - 2 potions of mutation
 q - 2 potions of ambrosia
 C - a potion of flight
 D - 3 potions of lignification
Miscellaneous
 G - a lightning rod (2/4)
Comestibles
 d - 21 rations
 k - 3 chunks of flesh


   Skills:
 + Level 13.3 Fighting
 + Level 12.8 Maces & Flails
   Level 5.1 Polearms
 - Level 1.7 Throwing
 + Level 10.5 Dodging
 + Level 11.5 Invocations
 * Level 10.1 Evocations


You had 13 spell levels left.
You didn't know any spells.
Your spell library contained the following spells:

 Spells                   Type           Power        Failure   Level  Hunger
 Animate Skeleton         Necr           N/A          36%         1    ##.....
 Flame Tongue             Conj/Fire      #....        36%         1    ##.....
 Pain                     Necr           #...         36%         1    ##.....
 Sandblast                Erth           #.....       36%         1    ##.....
 Shock                    Conj/Air       #...         36%         1    ##.....
 Corpse Rot               Necr           N/A          50%         2    ###....
 Passwall                 Tmut/Erth      #.......     50%         2    ###....
 Sublimation of Blood     Necr           #.........   50%         2    ###....
 Swiftness                Chrm/Air       #.......     50%         2    ###....
 Throw Flame              Conj/Fire      #.....       50%         2    ###....
 Conjure Flame            Conj/Fire      #.......     75%         3    ####...
 Inner Flame              Hex/Fire       #.......     75%         3    ####...
 Regeneration             Chrm/Necr      #.........   75%         3    ####...
 Static Discharge         Conj/Air       #.......     75%         3    ####...
 Stone Arrow              Conj/Erth      #.....       75%         3    ####...
 Vampiric Draining        Necr           #.........   75%         3    ####...
 Airstrike                Air            #.........   98%         4    #####..
 Animate Dead             Necr           N/A          98%         4    #####..
 Petrify                  Tmut/Erth      #.......     98%         4    #####..
 Sticky Flame             Conj/Fire      #.......     98%         4    #####..
 Summon Lightning Spire   Summ/Air       #.......     98%         4    #####..
 Agony                    Necr           #.......     100%        5    ######.
 Bolt of Draining         Conj/Necr      #.........   100%        5    ######.
 Bolt of Magma            Conj/Fire/Erth #.........   100%        5    ######.
 Dispel Undead            Necr           #.......     100%        5    ######.
 Excruciating Wounds      Chrm/Necr      #.........   100%        5    ######.
 Fireball                 Conj/Fire      #.........   100%        5    ######.
 Iskenderun's Battlesphe  Conj/Chrm      #.......     100%        5    ######.
 Lee's Rapid Deconstruct  Erth           #.........   100%        5    ######.
 Lightning Bolt           Conj/Air       #.........   100%        5    ######.
 Silence                  Hex/Air        #.........   100%        5    ######.
 Venom Bolt               Conj/Pois      #.........   100%        5    ######.
 Conjure Ball Lightning   Conj/Air       #.........   100%        6    #######
 Deflect Missiles         Chrm/Air       #.........   100%        6    #######
 Iron Shot                Conj/Erth      #.........   100%        6    #######
 Malign Gateway           Summ/Tloc      #.........   100%        7    #######
 Monstrous Menagerie      Summ           #.........   100%        7    #######
 Orb of Destruction       Conj           #.........   100%        7    #######
 Spellforged Servitor     Conj/Summ      #.........   100%        7    #######
 Summon Greater Demon     Summ           #.........   100%        7    #######
 Summon Horrible Things   Summ           #.........   100%        8    #######
 Tornado                  Air            #.........   100%        9    #######


Dungeon Overview and Level Annotations

Branches:
Dungeon (11/15)            Temple (1/1) D:4            Lair (6/6) D:11
 Shoals (0/4) Lair:2       Spider (0/4) Lair:3        Slime (0/5) Lair:5
    Orc (2/2) D:10            Elf (0/3) Orc:2        Bailey (visited)

Altars:
Ashenzari
Dithmenos
Elyvilon
Fedhas
Gozag
Hepliaklqana
Kikubaaqudgha
Makhleb
Nemelex Xobeh
Okawaru
Qazlal
Ru
Sif Muna
Trog
Uskayaw
Vehumet
Xom
Yredelemnul
Zin
The Shining One
Beogh

Annotations:
D:5 3 runed translucent doors, silenth's ghost, amateur DgWz
Lair:4 2 runed translucent doors, Paroid's ghost, journeyman GrMo
Orc:2 1 exclusion


Innate Abilities, Weirdness & Mutations

You can breathe blasts of fire.
Your fiery red scales are hard. (AC +8)
You cannot fit into any form of body armour.
Your flesh is heat resistant. (rF+)
You are cold-blooded and may be slowed by cold attacks.
Your life essence is reduced to manifest your ancestor. (-10% HP)


Message History

Ye kill tha orc warrior!
Bop Thuggins blocks tha orc priest's attack.
Tha orc knight roars a battlecry!
Tha orc warrior goes inta a battle-frenzy!
Thin's tha be 'ere: a +0 flail; a +0 chain mail; an orc corpse Ye feel a strong urge ta attack somethin'.
Bop Thuggins hits tha orc priest wit' a +0 flail!
Ye be nay longer berserk.
Ye pass out from 'shaustion.
Ye feel yerself slow down.
Bop Thuggins blocks tha orc priest's attack.
Bop Thuggins hits tha orc priest wit' a +0 flail!
Tha orc priest dies!
Tha orc warrior barely misses ye.
Tha orc warrior hits ye from afar wit' a +0 halberd!!
* * * LOW HITPOINT WARNIN'
* * * Bop Thuggins barely misses tha orc warrior.
Tha orc warrior hits ye from afar wit' a +0 halberd!
Ye die...

**######### #############
..#..#....## ###.##..#...#.####
...........####..............#.##
.....#.....)#......#........#....
.....#.......R...................
...§.§...).)[.o.@...[.<).........
.....§......)o.....>))...........
..§.§.[.....)#....o..............
....§§..)....#.........##....#..,
...§§§.................#....##*,*
.o.§§§.(.....................#,,.
..o.§.......................##*..
o...........................###..
......#......................#..,


You could see the friendly Bop Thuggins the knight, an orc knight and 2 orc
warriors.

Vanquished Creatures
  Gastronok (Orc:1)
  An orc warlord (Orc:2)
  Harold (D:9)
  5 hydras
  2 catoblepae (Lair:6)
  A two-headed ogre (D:10)
  An orc high priest (Orc:2)
  6 death yaks (Lair:6)
  Nergalle (Orc:1)
  An orc knight (Orc:1)
  An orb spider (Lair:3)
  4 oklob plants (Lair:6)
  An orc sorcerer (Orc:2)
  2 manticores (Lair:6)
  7 elephants
  2 centaur zombies
  3 black mambas (Lair:6)
  14 spiny frogs
  A gargoyle (D:9)
  5 komodo dragons
  4 rime drakes
  3 slime creatures (Lair:5)
  15 blink frogs
  Prince Ribbit (D:6)
  8 hippogriffs
  6 dream sheep (Lair:6)
  A shadow (D:11)
  29 yaks
  2 basilisks (Lair:3)
  A wraith (D:6)
  A wyvern (Lair:2)
  3 hogs (D:7)
  A human (D:7)
  3 wargs
  Menkaure (D:4)
  Edmund (D:6)
  11 water moccasins
  5 porcupines
  A black bear (D:9)
  3 sky beasts
  3 ice beasts
  13 orc warriors
  An eye of draining (D:11)
  8 ogres
  2 phantoms
  9 wolves
  5 centaurs
  6 crocodiles
  Blork the orc (D:5)
  2 big kobolds
  9 bullfrogs
  3 scorpions
  5 killer bees (D:9)
  6 electric eels (Lair:1)
  4 howler monkeys
  5 crimson imps
  A quasit (D:6)
  6 hounds
  3 jellies
  3 bullfrog zombies
  Crazy Yiuf (D:4)
  A centaur skeleton (D:6)
  15 orc priests
  Jessica (D:2)
  An iguana (D:5)
  Ijyb (D:3)
  12 orc wizards
  7 worker ants
  2 hound skeletons
  A howler monkey zombie (D:9)
  8 gnolls
  12 adders
  A shadow imp (D:5)
  An ooze (D:1)
  4 worms
  2 dart slugs (D:2)
  6 leopard geckos
  63 orcs
  2 ball pythons
  6 giant cockroaches
  18 goblins
  12 hobgoblins
  9 jackals
  26 kobolds
  2 quokkas
  8 bats
  7 frilled lizards
  A quokka skeleton (D:4)
  10 rats
495 creatures vanquished.

Vanquished Creatures (collateral kills)
  The ghost of Loera the Destroyer, a journeyman DrFE of Sif Muna (Lair:2)
  A hydra (Lair:4)
  A catoblepas (Lair:6)
  A death yak (Lair:6)
  A two-headed ogre (D:9)
  An orc knight (Bailey)
  2 spiny frogs (Lair:6)
  A komodo dragon (Lair:4)
  A hornet (D:9)
  3 hippogriffs
  A dream sheep (Lair:6)
  A blink frog (Lair:4)
  10 yaks
  A wyvern (Lair:5)
  A hog (D:7)
  2 porcupines
  3 orc warriors
  2 wolves (Lair:6)
  A crocodile (Lair:3)
  2 bullfrogs
  A killer bee (D:9)
  A jelly (Lair:5)
  A hound (D:11)
  2 orc wizards
  A bullfrog skeleton (D:5)
  4 orc priests (Orc:2)
  A worker ant (D:7)
  A hound zombie (D:8)
  A hound skeleton (D:11)
  A howler monkey skeleton (D:6)
  An adder (D:5)
  13 orcs
  A goblin (Bailey)
  A quokka (D:11)
  8 kobolds
75 creatures vanquished.

Vanquished Creatures (others)
  4 knights (Lair:6)
  7 fungi
  9 plants
  A withered plant (D:8)
21 creatures vanquished.

Grand Total: 591 creatures vanquished

Notes
Turn   | Place    | Note
-------+----------+-------------------------------------------
     0 | D:1      | BoppinsLewinski the Draconian Gladiator began the quest for
                  | the Orb.
     0 | D:1      | Reached XP level 1. HP: 17/17 MP: 1/1
   214 | D:1      | Reached XP level 2. HP: 23/25 MP: 2/2
   533 | D:1      | Reached XP level 3. HP: 27/30 MP: 3/3
  1091 | D:2      | Noticed Jessica
  1103 | D:2      | Reached skill level 3 in Fighting
  1127 | D:2      | Killed Jessica
  1127 | D:2      | Reached XP level 4. HP: 24/38 MP: 4/4
  1442 | D:2      | Found a blossoming altar of Fedhas.
  1527 | D:2      | Reached XP level 5. HP: 45/45 MP: 5/5
  1671 | D:3      | Noticed Ijyb
  1681 | D:3      | Killed Ijyb
  1995 | D:3      | Reached skill level 5 in Polearms
  2316 | D:3      | Found a blossoming altar of Fedhas.
  2503 | D:3      | Found a basalt altar of Yredelemnul.
  2870 | D:4      | Identified the +7 whip "Beast's Peril" {slash, Int+2} (You
                  | found it on level 4 of the Dungeon)
  2881 | D:4      | Found a staircase to the Ecumenical Temple.
  2887 | D:4      | Reached XP level 6. HP: 52/52 MP: 6/6
  2892 | D:4      | Reached skill level 1 in Maces & Flails
  3023 | Temple   | Entered the Ecumenical Temple
  3204 | Temple   | Became a worshipper of Hepliaklqana the Forgotten
  3303 | D:4      | Reached skill level 4 in Fighting
  3609 | D:4      | Your scales start taking on a fiery red colour.
  3609 | D:4      | Reached XP level 7. HP: 54/54 MP: 7/7
  3609 | D:4      | Gained mutation: Your flesh is heat resistant. (rF+) [Red
                  | Draconian growth]
  3840 | D:4      | Noticed Menkaure
  3845 | D:4      | Killed Menkaure
  3845 | D:4      | Reached skill level 5 in Fighting
  4119 | D:4      | Found a runed translucent door.
  4120 | D:4      | Noticed Crazy Yiuf
  4330 | D:4      | Killed Crazy Yiuf
  4367 | D:5      | Entered Level 5 of the Dungeon
  4395 | D:5      | Reached * piety under Hepliaklqana
  4430 | D:5      | Noticed Blork the orc
  4452 | D:5      | Killed Blork the orc
  4452 | D:5      | Reached skill level 5 in Maces & Flails
  4522 | D:5      | Identified the +4 scale mail of Imperfection {+Blink rElec
                  | Int+4 Dex-4}
  4523 | D:5      | Found a runed translucent gate.
  4523 | D:5      | Found a runed translucent gate.
  4523 | D:5      | Found a runed translucent gate.
  4524 | D:5      | Found a roughly hewn altar of Beogh.
  4525 | D:5      | Noticed silenth's ghost (amateur DgWz)
  4627 | D:5      | Reached XP level 8. HP: 48/63 MP: 8/8
  4770 | D:5      | Reached skill level 6 in Fighting
  5565 | D:6      | Noticed Edmund
  5573 | D:6      | Killed Edmund
  5573 | D:6      | Reached skill level 7 in Fighting
  5597 | D:6      | Reached ** piety under Hepliaklqana
  5600 | D:6      | Remembered your ancestor Bop Thuggins as a knight
  5747 | D:6      | Noticed Prince Ribbit
  5754 | D:6      | Killed Prince Ribbit
  5754 | D:6      | Reached XP level 9. HP: 62/71 MP: 9/9
  5816 | D:6      | Reached skill level 1 in Invocations
  6560 | D:7      | Found a white marble altar of Elyvilon.
  6916 | D:7      | Reached *** piety under Hepliaklqana
  7001 | D:7      | Reached skill level 8 in Fighting
  7020 | D:7      | Reached skill level 5 in Dodging
  7306 | D:8      | Reached XP level 10. HP: 81/81 MP: 12/12
  7632 | D:8      | Found an ancient bone altar of Kikubaaqudgha.
  7657 | D:8      | Reached skill level 10 in Maces & Flails
  7899 | D:9      | Noticed a gargoyle
  7910 | D:9      | Killed a gargoyle
  7941 | D:9      | Reached skill level 9 in Fighting
  7954 | D:9      | Found a shimmering altar of Xom.
  7999 | D:9      | Found a shimmering altar of Xom.
  7999 | D:9      | Found a shimmering altar of Xom.
  8001 | D:9      | Found a shimmering altar of Xom.
  8001 | D:9      | Found a shimmering altar of Xom.
  8131 | D:9      | Reached skill level 5 in Invocations
  8155 | D:9      | Noticed a two-headed ogre
  8165 | D:9      | Killed a two-headed ogre
  8448 | D:9      | Noticed Harold
  8519 | D:9      | Killed Harold
  8805 | D:9      | Reached skill level 10 in Fighting
  8856 | D:9      | Reached **** piety under Hepliaklqana
  8935 | D:9      | Reached XP level 11. HP: 89/89 MP: 16/16
  9174 | D:10     | Entered Level 10 of the Dungeon
  9266 | D:10     | Found a flagged portal.
  9269 | D:10     | Noticed a two-headed ogre
  9275 | Bailey   | Entered a bailey
  9297 | Bailey   | Noticed an orc knight
  9319 | Bailey   | Killed an orc knight
  9558 | D:10     | Killed a two-headed ogre
  9826 | D:10     | Identified the +7 ring mail of Exclusion {*Slow Regen+
                  | Dex+5 SInv}
  9832 | D:10     | Found a staircase to the Orcish Mines.
 10470 | D:11     | Found a staircase to the Lair.
 11302 | D:11     | Reached ***** piety under Hepliaklqana
 11478 | Lair:1   | Entered Level 1 of the Lair of Beasts
 12450 | Lair:2   | Found a runed translucent door.
 12452 | Lair:2   | Noticed Loera's ghost (journeyman DrFE)
 12489 | Lair:2   | Killed Loera's ghost
 12489 | Lair:2   | Reached skill level 11 in Fighting
 13349 | Lair:2   | Found a staircase to the Shoals.
 13353 | Lair:2   | Reached XP level 12. HP: 93/99 MP: 18/18
 13356 | Lair:2   | Reached skill level 1 in Evocations
 14672 | Lair:3   | Found a hole to the Spider Nest.
 15030 | Lair:3   | Identified a scroll of acquirement
 15431 | Lair:4   | Found a large runed translucent door.
 15431 | Lair:4   | Found a large runed translucent door.
 15432 | Lair:4   | Noticed Paroid's ghost (journeyman GrMo)
 15440 | Lair:4   | Noticed a seven-headed hydra
 15448 | Lair:4   | Killed a seven-headed hydra
 15448 | Lair:4   | Reached skill level 5 in Evocations
 16720 | Lair:5   | Reached skill level 12 in Fighting
 17056 | Lair:5   | Reached skill level 10 in Invocations
 17235 | Lair:5   | Reached XP level 13. HP: 97/106 MP: 20/20
 17438 | Lair:5   | Reached ****** piety under Hepliaklqana
 17545 | Lair:5   | You fall into a shaft and drop 1 floor!
 17545 | Lair:6   | Entered Level 6 of the Lair of Beasts
 17861 | Lair:6   | Found the cursed +13 scythe of Curses {drain, *Curse}
 18396 | Lair:5   | Found a staircase to the Slime Pits.
 19687 | Lair:6   | Reached skill level 10 in Dodging
 21031 | Lair:6   | Reached XP level 14. HP: 66/114 MP: 22/22
 21055 | Lair:6   | Reached skill level 13 in Fighting
 22491 | Orc:1    | Entered Level 1 of the Orcish Mines
 22542 | Orc:1    | Found a roughly hewn altar of Beogh.
 22542 | Orc:1    | Noticed Gastronok
 22577 | Orc:1    | Killed Gastronok
 23079 | Orc:1    | Noticed Nergalle
 23095 | Orc:1    | Killed Nergalle
 23460 | Orc:2    | Entered Level 2 of the Orcish Mines
 23460 | Orc:2    | Found a staircase to the Elven Halls.
 24110 | Orc:2    | Noticed an orc warlord
 24465 | Orc:2    | Reached skill level 10 in Evocations
 24754 | Orc:2    | Killed an orc warlord
 24770 | Orc:2    | Slain by an orc warrior

Levels and vault maps discovered:
D:1:      dpeg_arrival_morbid_curiosity, layout_loops_ring
D:2:      layout_basic, overflow_temple_1_default, uniq_jessica
D:3:      layout_basic, lemuel_doored_altar, first_ration, fedhas_altar_2,
          uniq_ijyb
D:4:      layout_loops_cross, minmay_temple_entry_gardened_gates,
          eino_tiny_chamber, bh_walls_and_bars, uniq_menkaure,
          uniq_crazy_yiuf_cottage
D:5:      layout_loops_cross, biasface_ghost_orc_armoury, sigmund_army,
          uniq_blork_the_orc
D:6:      layout_basic, minmay_three_doors, uniq_edmund, uniq_prince_ribbit1
D:7:      layout_basic, elyvilon_altar_4, grunt_livestock
D:8:      layout_rooms, kiku_gazebo_garden_becter,
          nicolae_overflow_hidden_temple
D:9:      layout_basic, xom_redecorated, serial_co_window_serial,
          co_window_paths_b, co_window_paths_a, co_window_of_opportunity_a,
          co_window_paths_b, co_window_of_opportunity_a, co_window_broadway_a,
          co_window_unsneaky_path_e, co_window_corner_b, co_window_paths_e,
          glass_columns_a, glass_columns_a, glass_columns_b, glass_columns_b,
          hex_tiny, uniq_harold
D:10:     layout_basic, david_orc_3, enter_bailey_6
D:11:     layout_loops_corners, lair_entry_dummy
Temple:   regret_index_temple_generic_petals
Lair:1:   layout_roguey, serial_bayou_lake_a, serial_bayou_shore_b
Lair:2:   layout_roguey, minmay_shoals_entry_centaurs, ebering_ghost_inner_flame
Lair:3:   layout_regular_city, nicolae_spider_entry_orb_guardian
Lair:4:   layout_cave_pods, ebering_ghost_disaster_area
Lair:5:   layout_gridlike, minmay_slime_entry_pillars, beast_lair_carwin_1
Lair:6:   evilmike_catoblepas_cave, layout_gridlike, small_statue_intersection,
          st_stairs_3, serial_bayou_shore_b, minmay_lair_oklob_chamber
Orc:1:    layout_caves, basic_altar, uniq_gastronok, uniq_nergalle
Orc:2:    st_orc_pillars, layout_caves, uniq_josephine

Skill      XL: |  1  2  3  4  5  6  7  8  9 10 11 12 13 14 |
---------------+-------------------------------------------+-----
Dodging        | 3 4 5 7 8 9 10 | 10.5
Fighting       | 3 4 5 7 8 10 11 12 13 | 13.3
Polearms       | 4 5 |  5.1
Maces & Flails | 3 5 8 9 10 11 12 | 12.8
Invocations    | 3 6 8 10 11 | 11.5
Evocations     | 6 9 10 | 10.1
Throwing       | |  1.7

Action                   |  1- 3 |  4- 6 |  7- 9 | 10-12 | 13-15 || total
-------------------------+-------+-------+-------+-------+-------++-------
Melee: Trident           |   154 |   127 |       |       |       ||   281
       Tailslap          |    11 |    24 |    32 |   132 |   152 ||   351
       Whip              |       |    54 |   262 |   729 |   626 ||  1671
Throw: Throwing net      |     1 |     3 |       |     4 |     1 ||     9
Invok: Ancestor Identity |       |     1 |       |       |       ||     1
       Recall Ancestor   |       |       |     2 |     3 |     3 ||     8
       Ancestor Life: Kn |       |       |     1 |       |       ||     1
       Idealise          |       |       |       |       |     1 ||     1
       Transference      |       |       |       |       |     1 ||     1
 Abil: Breathe Fire      |       |       |       |    11 |    18 ||    29
       Evoke Berserk Rag |       |       |       |     1 |     4 ||     5
       Evoke Flight      |       |       |       |     1 |       ||     1
Evoke: Wand              |       |     1 |     7 |    19 |    26 ||    53
       Lightning rod     |       |       |       |       |     4 ||     4
  Use: Potion            |     1 |     4 |     2 |     8 |     5 ||    20
       Scroll            |       |     1 |     9 |    18 |     8 ||    36
 Stab: Held in net/web   |       |     2 |       |     2 |       ||     4
       Sleeping          |       |     2 |       |     1 |       ||     3
       Distracted        |       |       |     1 |     5 |     3 ||     9
       Paralysed         |       |       |       |       |     7 ||     7
  Eat: Chunk             |     1 |     8 |     8 |    27 |     6 ||    50
       Ration            |       |       |     1 |     2 |     7 ||    10
Armor: Skin              |    29 |    27 |    50 |   130 |   116 ||   352
Dodge: Dodged            |    93 |    84 |   136 |   487 |   340 ||  1140

Table legend:
 A = Non-vault XP
 B = Vault XP
 C = Vault XP percentage of total XP
 D = Non-vault monster count
 E = Vault monster count
 F = Vault count percentage of total count
                 A         B        C        D         E       F
            +---------+---------+-------+---------+---------+-------
      Total |   54177 |   28695 |  34.6 |     450 |     120 |  21.1
            +---------+---------+-------+---------+---------+-------
        D:1 |      57 |       9 |  13.6 |      30 |       5 |  14.3
        D:2 |     154 |      37 |  19.4 |      27 |       1 |   3.6
        D:3 |      84 |      36 |  30.0 |      27 |       1 |   3.6
        D:4 |     412 |     216 |  34.4 |      26 |       2 |   7.1
        D:5 |     872 |     114 |  11.6 |      20 |       2 |   9.1
        D:6 |     763 |     743 |  49.3 |      26 |       4 |  13.3
        D:7 |     606 |     969 |  61.5 |      15 |       5 |  25.0
        D:8 |    1316 |       0 |   0.0 |      15 |       0 |   0.0
        D:9 |    3701 |    1013 |  21.5 |      40 |       1 |   2.4
       D:10 |    1189 |     571 |  32.4 |       6 |       9 |  60.0
       D:11 |    2184 |       0 |   0.0 |      23 |       0 |   0.0
     Lair:1 |    1505 |       0 |   0.0 |      11 |       0 |   0.0
     Lair:2 |    3504 |    1797 |  33.9 |      16 |       5 |  23.8
     Lair:3 |    4900 |     586 |  10.7 |      22 |       1 |   4.3
     Lair:4 |    6030 |       0 |   0.0 |      21 |       0 |   0.0
     Lair:5 |    9019 |    2311 |  20.4 |      23 |       7 |  23.3
     Lair:6 |   11966 |   15411 |  56.3 |      45 |      30 |  40.0
      Orc:1 |    1879 |    3405 |  64.4 |      31 |       5 |  13.9
      Orc:2 |    4036 |     391 |   8.8 |      26 |      10 |  27.8
     Bailey |       0 |    1086 | 100.0 |       0 |      32 | 100.0
            +---------+---------+-------+---------+---------+-------
